 Dungeon Crawl Stone Soup version 0.27-a0-1177-g245c70e1c0 (webtiles) character file.

Game seed: 6441870548008007794

1159 Grimdewalt the Skirmisher (level 8, -10/59 HPs)
             Began as a Djinni Warper on May 16, 2021.
             Mangled by Duvessa
             ... wielding a +0 rapier
              (11 damage)
             ... on level 5 of the Dungeon.
             The game lasted 00:16:26 (8563 turns).

Grimdewalt the Skirmisher (Djinni Warper)           Turns: 8563, Time: 00:16:26

Health: -10/59     AC: 14    Str: 12    XL:     8   Next: 66%
Gold:   277        EV: 11    Int: 16    God:
                   SH:  5    Dex: 12

rFire    + + .     SeeInvis .   J - +9 rapier of the Reaper {protect, Will+}
rCold    x . .     Faith    .   k - +0 buckler
rNeg     . . .     Spirit   .   b - +0 leather armour
rPois    ∞         Reflect  .   (no helmet)
rElec    .         Harm     .   (no cloak)
rCorr    .         Rampage  .   (no gloves)
Will     +....                  (boots unavailable)
Stlth    +.........             (no amulet)
HPRegen  0.19/turn              o - +4 ring of protection
MPRegen  0.00/turn              s - +4 ring of slaying

@: under a protective aura, flying, very slightly contaminated
A: sickness immunity, fire resistance 2, cold vulnerability 1, float, innate
caster, hp casting, extra vitality 1
a: no special abilities


You were on level 5 of the Dungeon.
You visited 1 branch of the dungeon, and saw 5 of its levels.
You also visited: Sewer.

You collected 277 gold pieces.

Inventory:

Hand Weapons
 a - a +0 mace
 y - a +1 short sword of venom
 z - a +3 whip
 F - a +0 flail of protection
 J - the +9 rapier of the Reaper (weapon) {protect, Will+}
   (You found it on level 5 of the Dungeon)

   It grants its wielder temporary protection when it strikes (+7 to AC).
   It increases your willpower.
Missiles
 e - 8 boomerangs of dispersal
 i - 31 poisoned darts (quivered)
 B - 16 javelins
 I - 2 boomerangs
Armour
 b - a +0 leather armour (worn)
 k - a +0 buckler (worn)
Jewellery
 o - a +4 ring of protection (left hand)
 s - a +4 ring of slaying (right hand)
Wands
 p - a wand of flame (23)
Scrolls
 d - 2 scrolls of blinking
 g - 10 scrolls of identify {unknown}
 h - 2 scrolls of immolation {unknown}
 j - 2 scrolls of enchant weapon {unknown}
 l - 2 scrolls of teleportation {unknown}
 r - 3 scrolls of fear {unknown}
 u - a scroll of fog {unknown}
 A - a scroll of amnesia {unknown}
 C - a scroll of enchant armour {unknown}
 D - a scroll of noise {unknown}
 H - 2 scrolls of magic mapping {unknown}
Potions
 c - 3 potions of attraction {unknown}
 f - a potion of haste {unknown}
 m - 3 potions of degeneration {unknown}
 n - a potion of brilliance {unknown}
 q - a potion of berserk rage {unknown}
 t - a potion of cancellation {unknown}
 v - 8 potions of curing {unknown}
 w - a potion of magic {unknown}
 x - a potion of heal wounds {unknown}
 E - 2 potions of flight {unknown}
 G - a potion of might {unknown}


   Skills:
 + Level 5.3 Fighting
 + Level 4.4 Maces & Flails
 - Level 0.7 Throwing
 - Level 1.0 Armour
 - Level 2.1 Dodging
 - Level 4.0 Shields
 + Level 4.5 Spellcasting


You couldn't memorise any spells.
You knew the following spells:

 Your Spells              Type           Power      Damage    Failure   Level
a - Blink                 Tloc           N/A        N/A       4%          2
b - Lesser Beckoning      Tloc           9%         N/A       10%         3
c - Gell's Gravitas       Tloc           9%         N/A       10%         3
d - Teleport Other        Tloc           18%        N/A       10%         3
e - Manifold Assault      Tloc           18%        N/A       65%         5
f - Summon Small Mammal   Summ           72%        N/A       3%          1
g - Searing Ray           Conj           36%        3d4       4%          2
h - Dazzling Flash        Conj/Hex       36%        N/A       10%         3
Your spell library was empty.

Dungeon Overview and Level Annotations

Branches:
Dungeon (5/15)              Sewer (visited)
 Temple: D:4-7

Altars:

Annotations:
D:5 Duvessa, Menkaure


Innate Abilities, Weirdness & Mutations

You are immune to sickness and miasma.
You are immune to poison.
Your flesh is very heat resistant. (rF++)
You are vulnerable to cold. (rC-)
You float through the air rather than walking.
You learn spells naturally, not from books.
Your magical power is your life essence.
You have superior vitality. (+4 HP)


Message History

You fly upwards.
There is a stone staircase leading down here.
You start resting.
HP restored.
You see here 19 stones.
There is a stone staircase leading down here.
You fly downwards.
Level annotation: Duvessa, Menkaure
There is a stone staircase leading up here.
Duvessa shouts!
Duvessa goes berserk!
Casting: Dazzling Flash (dangerous; 10% risk of failure)
Confirm with . or Enter, or press ? or * to list all spells.
Duvessa is dazzled.
You hit Duvessa.
Your weapon exudes an aura of protection.
Duvessa is lightly wounded.
You block Duvessa's attack. Duvessa misses you.
You hit Duvessa.
Duvessa is lightly wounded.
Duvessa is no longer blind.
Duvessa hits you with a +0 rapier! Duvessa barely misses you.
You hit Duvessa.
Duvessa is moderately wounded.
Duvessa hits you with a +0 rapier. x2
Casting: Dazzling Flash (dangerous; 10% risk of failure)
Confirm with . or Enter, or press ? or * to list all spells.
Duvessa closely misses you. Duvessa closely misses you.
Duvessa rages.
Duvessa barely misses you.
Casting: Dazzling Flash (dangerous; 10% risk of failure)
Confirm with . or Enter, or press ? or * to list all spells.
You miscast Dazzling Flash.
You are very lightly contaminated with residual magic.
Nothing appears to happen.
Duvessa hits you with a +0 rapier!
Casting: Dazzling Flash (dangerous; 10% risk of failure)
Confirm with . or Enter, or press ? or * to list all spells.
Duvessa is dazzled.
Duvessa completely misses you. You block Duvessa's attack.
You puncture Duvessa!
Your weapon exudes an aura of protection.
Duvessa is heavily wounded.
Duvessa hits you with a +0 rapier!
* * * LOW HITPOINT WARNING * * *
You barely miss Duvessa.
Duvessa is heavily wounded.
Duvessa hits you with a +0 rapier!
* * * LOW HITPOINT WARNING * * *
Duvessa hits you with a +0 rapier!
You die...

#####.##..###.#..#
##...#......##.....
#.................. # ###
##......#..........
#.#....#......##....<....#
...............#........##
.....####.###.......>...##
#.....##...###.#.......... #
#.......e@................ #.
....#.##.....#...........[
#e.. ###.....##............
#.. ###.....................
.##..#.#.....###.#...........
............####.#........>..
.........#..# #..............
.....##.##..# ...............
...# #....#.................


You could see Duvessa (berserk, blind).

Vanquished Creatures
  Grinder (D:4)
  Edmund (D:4)
  2 ogres
  A phantom (D:5)
  A water moccasin zombie (D:5)
  A water moccasin skeleton (D:4)
  Dowan (D:5)
  2 bullfrog skeletons (D:4)
  A hound (D:4)
  3 iguanas
  An orc wizard (D:3)
  A hound skeleton (D:4)
  9 adders
  A shadow imp (D:5)
  An adder skeleton (D:4)
  2 dart slugs
  15 orcs
  11 ball pythons
  11 endoplasms
  6 giant cockroaches
  10 goblins
  9 hobgoblins
  15 jackals
  9 quokkas
  5 bats
  6 frilled lizards
  16 kobolds
  3 rats (D:2)
145 creatures vanquished.

Vanquished Creatures (collateral kills)
  An endoplasm (D:4)
1 creature vanquished.

Vanquished Creatures (others)
  13 plants (Sewer)
13 creatures vanquished.

Grand Total: 159 creatures vanquished

Notes
Turn   | Place    | Note
-------+----------+-------------------------------------------
     0 | D:1      | Grimdewalt the Djinni Warper began the quest for the Orb.
     0 | D:1      | Reached XP level 1. HP: 18/18 MP: 0/0
   231 | D:1      | Found a faded altar of an unknown god.
   247 | D:1      | Reached XP level 2. HP: 8/23 MP: 0/0
  1113 | D:1      | Reached XP level 3. HP: 26/29 MP: 0/0
  1113 | D:1      | Learned a level 1 spell: Summon Small Mammal
  2156 | D:2      | Reached XP level 4. HP: 34/34 MP: 0/0
  3188 | D:3      | Noticed an ogre
  3529 | D:3      | Reached skill level 3 in Fighting
  3529 | D:3      | Reached skill level 1 in Shields
  3529 | D:3      | Reached XP level 5. HP: 15/40 MP: 0/0
  3529 | D:3      | Learned a level 2 spell: Searing Ray
  4556 | D:4      | Reached XP level 6. HP: 32/46 MP: 0/0
  4591 | D:4      | Noticed Grinder
  4594 | D:4      | Paralysed by Grinder for 4 turns
  4599 | D:4      | Paralysed by Grinder for 3 turns
  4608 | D:4      | Killed Grinder
  4609 | D:4      | Reached skill level 4 in Fighting
  4609 | D:4      | Reached XP level 7. HP: 10/52 MP: 0/0
  4609 | D:4      | Learned a level 3 spell: Dazzling Flash
  4908 | D:4      | Found a glowing drain.
  4928 | Sewer    | Entered a sewer
  5765 | D:4      | Noticed a two-headed ogre
  6429 | D:4      | Noticed Edmund
  6450 | D:4      | Killed Edmund
  6608 | D:4      | Reached XP level 8. HP: 58/58 MP: 0/0
  6678 | D:5      | Entered Level 5 of the Dungeon
  7171 | D:5      | Reached skill level 5 in Fighting
  7424 | D:5      | Identified the +9 rapier of the Reaper {protect, Will+}
  7449 | D:5      | Noticed Menkaure
  8080 | D:5      | Noticed Duvessa
  8081 | D:5      | Noticed Dowan
  8260 | D:5      | Killed Dowan
  8563 | D:5      | HP: 1/59 [Duvessa/+0 rapier (11)]
  8563 | D:5      | Mangled by Duvessa

Illustrated notes

Levels and vault maps discovered:
D:1:      dpeg_cavernosity, layout_rooms, ebering_ecumenical_altar_mist,
          hangedman_abyss_or_decor_lesser_grid, nrook_loot_triangle
D:2:      layout_basic
D:3:      layout_basic
D:4:      layout_loops_ring, gup_sewer_entry_pipe, minmay_joined_circles,
          uniq_grinder, uniq_edmund
D:5:      layout_cave_pools, regret_index_temple_of_mockery, uniq_duvessa,
          uniq_prince_ribbit1, uniq_menkaure

Skill      XL: |  1  2  3  4  5  6  7  8 |
---------------+-------------------------+-----
Maces & Flails | 2 3 4 |  4.4
Spellcasting   | 3 4 |  4.5
Fighting       | 3 4 5 |  5.3
Shields        | 1 2 3 4 |  4.0
Throwing       | |  0.7
Armour         | |  1.0
Dodging        | |  2.1

Action                   |  1- 3 |  4- 6 |  7- 9 || total
-------------------------+-------+-------+-------++-------
Melee: Mace              |   134 |   138 |    65 ||   337
       Short sword       |       |       |   126 ||   126
       Rapier            |       |       |    23 ||    23
Throw: Dart              |       |       |     2 ||     2
 Cast: Searing Ray       |       |    11 |     6 ||    17
       Blink             |       |     1 |     2 ||     3
       Dazzling Flash    |       |       |     5 ||     5
       Summon Small Mamm |       |       |     3 ||     3
Armor: Leather armour    |    55 |    51 |    44 ||   150
Dodge: Dodged            |   110 |    79 |   108 ||   297
Block: Buckler           |       |    13 |    42 ||    55

Table legend: (Time is in decaauts)
 A = Elapsed time spent in this place.
 B = Non-inter-level travel time spent in this place.
 C = Inter-level travel time spent in this place.
 D = Time resting spent in this place.
 E = Time spent auto-exploring this place.
 F = Levels seen in this place.
 G = Mean time per level.
                   A        B        C        D        E       F      G
               +--------+--------+--------+--------+--------+-----+--------+
         Total |   8702 |   8121 |    581 |   1492 |   4817 |   6 | 1450.3 |
       Dungeon |   8090 |   7509 |    581 |   1492 |   4474 |   5 | 1618.0 |
         Sewer |    612 |    612 |      0 |      0 |    343 |   1 |  612.0 |
               +--------+--------+--------+--------+--------+-----+--------+

Top non-repeatable levels by time:
     D:4: 2165 daAuts
     D:1: 1869 daAuts
     D:2: 1769 daAuts
     D:3: 1452 daAuts
     D:5: 834 daAuts
   Sewer: 612 daAuts
